[Event "NOR-chT Eliteserien 2018-19"]
[Site "Norway"]
[Date "2019.01.12"]
[Round "5"]
[White "Salomon, Johan"]
[Black "Nilsen, Joachim Birger"]
[Result "1-0"]
[ECO "D02"]
[WhiteElo "2494"]
[BlackElo "2397"]
[Annotator "ChessBase"]
[PlyCount "103"]
[EventDate "2018.11.02"]
[EventType "team-tourn"]
[EventCountry "NOR"]
[SourceTitle "playchess.com"]
[Source "ChessBase"]
[SourceQuality "1"]
[TimeControl "40/5400+30:1800+30"]

1. Nf3 d5 2. d4 c6 3. Bf4 Nf6 4. e3 g6 5. c4 Bg7 6. Be2 O-O 7. O-O c5 8. dxc5 Na6 9. Nc3 dxc4 10. c6 bxc6 11. Ne5 Qxd1 12. Rfxd1 Nb4 13. Bxc4 Bb7 14. Nd7 Rfe8 15. Nc5 Bc8 16. Be5 Nbd5 17. h3 Nb6 18. Be2 Nfd7 19. Bxg7 Kxg7 20. N3e4 Rb8 21. Rac1 Nd5 22. Rd2 N7b6 23. Nb3 Na4 24. Nec5 Nxc5 25. Rxc5 Rb6 26. Na5 Bd7 27. Nc4 Rb7 28. Ne5 Be6 29. Nxc6 Rc7 30. Bf3 Rec8 31. Bxd5 Bxd5 32. Rdxd5 Rxc6 33. Rxc6 Rxc6 34. Ra5 Rc7 35. g4 Kf6 36. Kg2 Ke6 37. b4 Kd7 38. Kf3 Ke6 39. a3 Kf6 40. Kf4 Rc4+ 41. e4 Rc7 42. Ra6+ Kg7 43. Ke5 g5 44. Kf5 h6 45. Ke5 Rd7 46. f4 gxf4 47. Kxf4 f6 48. e5 Rd4+ 49. Ke3 fxe5 50. Rxa7 Kf6 51. b5 Rd1 52. Ra4 1-0

[Event "NOR-chT Eliteserien 2018-19"]
[Site "Norway"]
[Date "2019.01.12"]
[Round "5"]
[White "Holm, Kristian Stuvik"]
[Black "Machlik, Endre"]
[Result "1-0"]
[ECO "B44"]
[WhiteElo "2468"]
[BlackElo "2186"]
[Annotator "ChessBase"]
[PlyCount "127"]
[EventDate "2018.11.02"]
[EventType "team-tourn"]
[EventCountry "NOR"]
[SourceTitle "playchess.com"]
[Source "ChessBase"]
[SourceQuality "1"]
[TimeControl "40/5400+30:1800+30"]

1. c4 Nf6 2. Nc3 e6 3. e4 c5 4. Nf3 Nc6 5. d4 cxd4 6. Nxd4 Bb4 7. Nxc6 bxc6 8. Bd3 d5 9. cxd5 exd5 10. exd5 Nxd5 11. O-O O-O 12. Ne4 Bf5 13. Qc2 Re8 14. Nf6+ Nxf6 15. Bxf5 Qd5 16. Be3 Ne4 17. Bxe4 Rxe4 18. Rfd1 Qe6 19. Rac1 Rc8 20. a3 Be7 21. Qd3 c5 22. Qd7 a6 23. Qb7 Qc6 24. Rd7 Qxb7 25. Rxb7 h6 26. g3 c4 27. Rc2 Rc6 28. Kg2 Ree6 29. Bd4 Re4 30. Bc3 Bc5 31. Rd2 Re7 32. Rb8+ Kh7 33. h4 Bb6 34. h5 Rce6 35. Kf3 Re8 36. Rxe8 Rxe8 37. Rd6 Re6 38. Rxe6 fxe6 39. g4 Kg8 40. Ke2 Kf7 41. f4 g6 42. Kf3 gxh5 43. gxh5 Bg1 44. Ke4 Bf2 45. Bd4 Bh4 46. a4 Bd8 47. Bc3 Bb6 48. Bd2 Kf6 49. Bc3+ Kf7 50. Bd4 Bd8 51. Be5 Bb6 52. Bc3 Bf2 53. f5 Bh4 54. a5 Bf2 55. Bd2 Bh4 56. Bxh6 exf5+ 57. Kxf5 Be1 58. Bf4 Bxa5 59. Ke4 c3 60. b3 Bd8 61. Kd3 Bf6 62. Bc7 Kg7 63. Ba5 c2 64. Bd2 1-0

[Event "NOR-chT Eliteserien 2018-19"]
[Site "Norway"]
[Date "2019.01.12"]
[Round "5"]
[White "Hauge, Lars Oskar"]
[Black "Urkedal, Frode Olav Olsen"]
[Result "1/2-1/2"]
[ECO "C54"]
[WhiteElo "2466"]
[BlackElo "2512"]
[Annotator "ChessBase"]
[PlyCount "65"]
[EventDate "2018.11.02"]
[EventType "team-tourn"]
[EventCountry "NOR"]
[SourceTitle "playchess.com"]
[Source "ChessBase"]
[SourceQuality "1"]
[TimeControl "40/5400+30:1800+30"]

1. e4 e5 2. Nf3 Nc6 3. Bc4 Bc5 4. O-O Nf6 5. d3 d6 6. c3 h6 7. Bb3 a6 8. Nbd2 Ba7 9. Re1 g5 10. Nf1 g4 11. N3d2 h5 12. Nc4 h4 13. Be3 Qe7 14. Bxa7 Nxa7 15. Nce3 Be6 16. Bxe6 Qxe6 17. Qa4+ Qd7 18. Qxd7+ Kxd7 19. Nf5 Rag8 20. N1e3 Nc6 21. Kf1 Ne7 22. Nxe7 Kxe7 23. g3 Ke6 24. c4 c6 25. Rac1 Rc8 26. Ke2 Rcd8 27. Nf5 hxg3 28. hxg3 d5 29. Ke3 d4+ 30. Ke2 Rh2 31. Rh1 Rdh8 32. Rxh2 Rxh2 33. c5 1/2-1/2

[Event "NOR-chT Eliteserien 2018-19"]
[Site "Norway"]
[Date "2019.01.12"]
[Round "5"]
[White "Haldorsen, Benjamin"]
[Black "Blomqvist, Erik"]
[Result "1/2-1/2"]
[ECO "B46"]
[WhiteElo "2454"]
[BlackElo "2491"]
[Annotator "ChessBase"]
[PlyCount "153"]
[EventDate "2018.11.02"]
[EventType "team-tourn"]
[EventCountry "NOR"]
[SourceTitle "playchess.com"]
[Source "ChessBase"]
[SourceQuality "1"]
[TimeControl "40/5400+30:1800+30"]

1. e4 c5 2. Nf3 e6 3. d4 cxd4 4. Nxd4 Nc6 5. Nc3 a6 6. Nxc6 bxc6 7. Bd3 d5 8. O-O Nf6 9. Qf3 Be7 10. Qg3 O-O 11. Bh6 Ne8 12. Bf4 g6 13. Rad1 Nf6 14. Be2 a5 15. Rfe1 Ba6 16. Bf3 Rc8 17. h4 Nd7 18. h5 e5 19. Bxe5 Bh4 20. Qh2 Nxe5 21. Qxe5 Qb6 22. Qd4 Qxd4 23. Rxd4 Rfe8 24. Rdd1 Rb8 25. exd5 Rxe1+ 26. Rxe1 Rxb2 27. Re4 Rxc2 28. Rxh4 Rxc3 29. dxc6 Bb5 30. Rd4 Kg7 31. hxg6 hxg6 32. Rd7 Rc2 33. Bd5 Bxc6 34. Rxf7+ Kh6 35. Rc7 Ba4 36. Rxc2 Bxc2 37. f3 Kg5 38. Kf2 Kf4 39. Bb3 Bb1 40. a3 g5 41. g3+ Ke5 42. Ke3 Bf5 43. f4+ gxf4+ 44. gxf4+ Kd6 45. Kd4 Bg6 46. Bc4 Bc2 47. Bd3 Bb3 48. Ke4 Ke6 49. Kd4 Kd6 50. f5 a4 51. Ke4 Bd1 52. Bb5 Bb3 53. Bd3 Bd1 54. Kf4 Bb3 55. Kg5 Ke7 56. Kg6 Kf8 57. Kf6 Bd1 58. Ke6 Bb3+ 59. Kf6 Bd1 60. Bc4 Bb3 61. Be6 Ke8 62. Bc8 Kf8 63. Ba6 Bc2 64. Ke5 Bb3 65. Be2 Bc2 66. Bc4 Bb3 67. Kd4 Bc2 68. f6 Bd1 69. Kc3 Ke8 70. Kb4 Kf8 71. Bb5 Kf7 72. Bxa4 Be2 73. Kc5 Kxf6 74. Kd6 Bd3 75. Bb3 Bb5 76. Be6 Ba4 77. Bd7 {[%emt 0:00:18] Ke5+ [%emt 00:00:04]} 1/2-1/2

[Event "NOR-chT Eliteserien 2018-19"]
[Site "Norway"]
[Date "2019.01.12"]
[Round "5"]
[White "Gausel, Einar J"]
[Black "Ranaldi, Lucas"]
[Result "1-0"]
[ECO "E14"]
[WhiteElo "2447"]
[BlackElo "2230"]
[Annotator "NA"]
[PlyCount "117"]
[EventDate "2018.11.02"]
[EventType "team-tourn"]
[EventCountry "NOR"]
[SourceTitle "playchess.com"]
[Source "ChessBase"]
[SourceQuality "1"]
[TimeControl "40/5400+30:1800+30"]

1. d4 Nf6 2. Nf3 e6 3. e3 b6 4. Bd3 Bb7 5. O-O c5 6. c4 Be7 7. b3 O-O 8. Nbd2 cxd4 9. exd4 d5 10. Bb2 Nc6 11. Rc1 Rc8 12. Re1 Rc7 13. a3 dxc4 14. bxc4 Na5 15. Ne5 Qa8 16. Re3 b5 17. d5 Rd8 18. Ng4 Nxc4 19. Nxf6+ Bxf6 20. Nxc4 bxc4 21. Bxf6 gxf6 22. Qg4+ Kf8 23. Qf4 Rxd5 24. Qxc7 cxd3 25. Qc3 d2 26. Rd1 Qd8 27. Qb4+ Qe7 28. Qxe7+ Kxe7 29. Re2 Rg5 30. f4 Rg4 31. Rexd2 Bd5 32. g3 Rg8 33. Rxd5 exd5 34. Rxd5 Rc8 35. Ra5 Rc7 36. Ra6 f5 37. Kg2 f6 38. Ra5 Ke6 39. Kh3 Rb7 40. Kh4 Rc7 41. h3 Rd7 42. Kh5 Rc7 43. a4 Rd7 44. Ra6+ Kd5 45. Rxf6 Ke4 46. Kh4 Rd5 47. Re6+ Kd4 48. Ra6 Rd7 49. Ra5 Rf7 50. Re5 Kc4 51. a5 a6 52. Kh5 Kb4 53. Kh6 Ka4 54. h4 Kb4 55. h5 Ka4 56. Kg5 Rg7+ 57. Kxf5 Rxg3 58. Ke6 Rh3 59. f5 1-0

[Event "NOR-chT Eliteserien 2018-19"]
[Site "Norway"]
[Date "2019.01.12"]
[Round "5"]
[White "Ostenstad, Berge"]
[Black "Risting, Eivind Olav"]
[Result "1/2-1/2"]
[ECO "A25"]
[WhiteElo "2440"]
[BlackElo "2281"]
[Annotator "NA"]
[PlyCount "88"]
[EventDate "2018.11.02"]
[EventType "team-tourn"]
[EventCountry "NOR"]
[SourceTitle "playchess.com"]
[Source "ChessBase"]
[SourceQuality "1"]
[TimeControl "40/5400+30:1800+30"]

1. c4 e5 2. g3 Nc6 3. Bg2 Bc5 4. Nc3 d6 5. d3 a6 6. e3 Ba7 7. Rb1 Nf6 8. Nge2 O-O 9. O-O Bf5 10. h3 Qd7 11. Kh2 h6 12. b4 Rfe8 13. e4 Bg6 14. g4 Nd4 15. Nxd4 Bxd4 16. Ne2 Ba7 17. f4 exf4 18. Nxf4 Bd4 19. Kh1 Nh7 20. Ne2 Bf6 21. Ng3 c6 22. Nf5 b5 23. Qc2 Rac8 24. Be3 Qd8 25. Bg1 Nf8 26. Qf2 Bxf5 27. exf5 Nd7 28. Qa7 Ne5 29. Qxa6 Ra8 30. Qb6 Rxa2 31. Qxd8 Rxd8 32. d4 Nxc4 33. Bxc6 Ra3 34. Kg2 Rb8 35. Ra1 Ne3+ 36. Bxe3 Rxe3 37. Rfd1 Rb3 38. Ra7 Rxb4 39. Bd5 Rxd4 40. Rxd4 Bxd4 41. Rxf7 Kh8 42. Rd7 Bf6 43. Rxd6 Rd8 44. Rxd8+ Bxd8 1/2-1/2

[Event "NOR-chT Eliteserien 2018-19"]
[Site "Norway"]
[Date "2019.01.12"]
[Round "5"]
[White "Hansen, Torbjorn Ringdal"]
[Black "Mihajlov, Sebastian"]
[Result "1-0"]
[ECO "C07"]
[WhiteElo "2419"]
[BlackElo "2363"]
[Annotator "NA"]
[PlyCount "39"]
[EventDate "2018.11.02"]
[EventType "team-tourn"]
[EventCountry "NOR"]
[SourceTitle "playchess.com"]
[Source "ChessBase"]
[SourceQuality "1"]
[TimeControl "40/5400+30:1800+30"]

1. e4 e6 2. d4 d5 3. Nd2 a6 4. Bd3 c5 5. dxc5 Bxc5 6. Ngf3 Nf6 7. O-O Nc6 8. exd5 Nxd5 9. Ne4 Be7 10. c4 Nf6 11. Qe2 O-O 12. Bd2 Nxe4 13. Bxe4 Bf6 14. Rad1 Qb6 15. b4 Rd8 16. Bg5 Nxb4 17. Bxf6 gxf6 18. Qe3 Qc7 19. Qh6 f5 20. Qg5+ 1-0

[Event "NOR-chT Eliteserien 2018-19"]
[Site "Norway"]
[Date "2019.01.12"]
[Round "5"]
[White "Kaasen, Tor Fredrik"]
[Black "Machlik, Monika"]
[Result "0-1"]
[ECO "A56"]
[WhiteElo "2409"]
[BlackElo "2071"]
[Annotator "NA"]
[PlyCount "82"]
[EventDate "2018.11.02"]
[EventType "team-tourn"]
[EventCountry "NOR"]
[SourceTitle "playchess.com"]
[Source "ChessBase"]
[SourceQuality "1"]
[TimeControl "40/5400+30:1800+30"]

1. d4 g6 2. c4 Bg7 3. Nc3 c5 4. d5 d6 5. Nf3 Nf6 6. h3 O-O 7. Bf4 Na6 8. e3 Nc7 9. Be2 Rb8 10. O-O a6 11. a4 b5 12. axb5 axb5 13. cxb5 Bd7 14. e4 Nxb5 15. e5 Ne8 16. Re1 Qb6 17. Nxb5 Bxb5 18. Rb1 Nc7 19. Bxb5 Nxb5 20. Qd3 Qc7 21. Qe3 Qb7 22. Red1 Rfd8 23. Bh6 Bh8 24. e6 f5 25. g4 Nc7 26. Qd3 Qb3 27. gxf5 Qxd3 28. Rxd3 c4 29. Rdd1 Bxb2 30. Nd4 c3 31. Bc1 Nxd5 32. Bxb2 Rxb2 33. Rbc1 Rc8 34. fxg6 hxg6 35. Rd3 Rc5 36. Nc2 Kg7 37. Kf1 Kf6 38. Ne3 Nf4 39. Ng4+ Kxe6 40. Re3+ Kd7 41. Rf3 Ne2 0-1

[Event "NOR-chT Eliteserien 2018-19"]
[Site "Norway"]
[Date "2019.01.12"]
[Round "5"]
[White "Haug, Johannes"]
[Black "Stokke, Kjetil"]
[Result "0-1"]
[ECO "B06"]
[WhiteElo "2402"]
[BlackElo "2334"]
[Annotator "NA"]
[PlyCount "94"]
[EventDate "2018.11.02"]
[EventType "team-tourn"]
[EventCountry "NOR"]
[SourceTitle "playchess.com"]
[Source "ChessBase"]
[SourceQuality "1"]
[TimeControl "40/5400+30:1800+30"]

1. e4 g6 2. d4 Bg7 3. Nc3 d5 4. Be3 Nf6 5. exd5 Nxd5 6. Nxd5 Qxd5 7. Nf3 O-O 8. Be2 c5 9. c4 Qd6 10. O-O Nc6 11. d5 Ne5 12. Ng5 b6 13. h3 f5 14. f4 Nf7 15. Nxf7 Rxf7 16. Qd2 e5 17. Rae1 Bd7 18. fxe5 Bxe5 19. Bf4 Bxf4 20. Rxf4 Re8 21. Rff1 Rfe7 22. Bf3 Rxe1 23. Rxe1 Rxe1+ 24. Qxe1 Kg7 25. b3 g5 26. Bh5 Kf6 27. Be8 Bc8 28. Bc6 Qe5 29. Qd2 Qd4+ 30. Qxd4+ cxd4 31. b4 Ba6 32. c5 bxc5 33. bxc5 d3 34. d6 d2 35. Bf3 Bb5 36. Bd1 Ke5 37. Kf2 Kd5 38. g3 Kxc5 39. Ke3 Kxd6 40. Kxd2 f4 41. gxf4 gxf4 42. Bc2 h6 43. a3 Ke5 44. Ke1 Kd4 45. Kf2 Bc6 46. h4 a5 47. Bd1 Kc3 0-1

[Event "NOR-chT Eliteserien 2018-19"]
[Site "Norway"]
[Date "2019.01.12"]
[Round "5"]
[White "Ogaard, Leif"]
[Black "Vitenberg, Noam Aviv"]
[Result "1/2-1/2"]
[ECO "D31"]
[WhiteElo "2382"]
[BlackElo "2139"]
[Annotator "NA"]
[PlyCount "86"]
[EventDate "2018.11.02"]
[EventType "team-tourn"]
[EventCountry "NOR"]
[SourceTitle "playchess.com"]
[Source "ChessBase"]
[SourceQuality "1"]
[TimeControl "40/5400+30:1800+30"]

1. c4 e6 2. Nc3 d5 3. d4 Bb4 4. e3 c5 5. cxd5 exd5 6. Bd3 cxd4 7. exd4 Ne7 8. Qh5 Nd7 9. Bg5 Nf6 10. Bxf6 gxf6 11. Nge2 Be6 12. O-O Qd7 13. Rac1 Nc6 14. Qh4 Be7 15. Na4 Nb4 16. Bc2 Nxc2 17. Nc5 Bxc5 18. dxc5 d4 19. Qxf6 Rg8 20. Rxc2 d3 21. Rd2 dxe2 22. Rxd7 exf1=Q+ 23. Kxf1 Kxd7 24. Qd4+ Ke8 25. Qe4 Rd8 26. c6 Rg4 27. f4 bxc6 28. h3 Rg6 29. f5 Rf6 30. g4 Kf8 31. Qe5 Bc4+ 32. Kg1 Rd1+ 33. Kh2 Rfd6 34. Qh8+ Ke7 35. Qe5+ Kf8 36. Qh8+ Ke7 37. Qe5+ Kd7 38. Qc5 R1d2+ 39. Kg3 R2d3+ 40. Kh4 R6d4 41. Qxa7+ Kd6 42. Qb8+ Kd7 43. Qa7+ Kd6 1/2-1/2

[Event "NOR-chT Eliteserien 2018-19"]
[Site "Norway"]
[Date "2019.01.12"]
[Round "5"]
[White "Dahl, Trygve"]
[Black "Tisdall, Jonathan D"]
[Result "1/2-1/2"]
[ECO "B40"]
[WhiteElo "2342"]
[BlackElo "2399"]
[Annotator "NA"]
[PlyCount "81"]
[EventDate "2018.11.02"]
[EventType "team-tourn"]
[EventCountry "NOR"]
[SourceTitle "playchess.com"]
[Source "ChessBase"]
[SourceQuality "1"]
[TimeControl "40/5400+30:1800+30"]

1. e4 c5 2. Nf3 e6 3. g3 Nc6 4. Bg2 Nf6 5. Qe2 d5 6. exd5 Nxd5 7. O-O Be7 8. Nc3 O-O 9. Rd1 Ndb4 10. d3 Nd4 11. Nxd4 cxd4 12. Nb1 Bf6 13. c3 dxc3 14. bxc3 Nd5 15. d4 b6 16. Bb2 a5 17. Nd2 Ba6 18. c4 Rc8 19. Rac1 Nb4 20. a3 Nc6 21. Nf3 Ne7 22. h4 Qc7 23. Nd2 Rfd8 24. Ne4 Bxc4 25. Nxf6+ gxf6 26. Qg4+ Ng6 27. d5 h5 28. Qxh5 Qe7 29. Qg4 f5 30. Qh5 Bb3 31. Rxc8 Rxc8 32. Re1 Rc2 33. Rxe6 fxe6 34. Qxg6+ Kf8 35. Bf6 Qf7 36. Qh6+ Ke8 37. Qh8+ Qf8 38. Qh5+ Qf7 39. Qh8+ Qf8 40. Qh5+ Qf7 41. Qh8+ 1/2-1/2

[Event "NOR-chT Eliteserien 2018-19"]
[Site "Norway"]
[Date "2019.01.12"]
[Round "5"]
[White "Gullaksen, Eirik"]
[Black "Tryggestad, Andreas Garberg"]
[Result "0-1"]
[ECO "E10"]
[WhiteElo "2341"]
[BlackElo "2333"]
[Annotator "NA"]
[PlyCount "74"]
[EventDate "2018.11.02"]
[EventType "team-tourn"]
[EventCountry "NOR"]
[SourceTitle "playchess.com"]
[Source "ChessBase"]
[SourceQuality "1"]
[TimeControl "40/5400+30:1800+30"]

1. d4 Nf6 2. c4 e6 3. Nf3 c5 4. d5 b5 5. dxe6 fxe6 6. cxb5 d5 7. e3 Bd6 8. b3 Bb7 9. Bb2 O-O 10. Nbd2 Qe7 11. Ne5 Qc7 12. Ndf3 Ne4 13. Qc2 Qa5+ 14. Kd1 a6 15. b6 Bxe5 16. Bxe5 Nc6 17. Bc7 Qa3 18. Rb1 Qa5 19. Ra1 Nc3+ 20. Kc1 Nb4 21. Qb2 Nbxa2+ 22. Kc2 d4 23. Bd3 Bxf3 24. gxf3 Rxf3 25. Rhf1 Raf8 26. Bg3 Nb4+ 27. Kd2 Qxb6 28. Bc4 dxe3+ 29. Kxc3 e2+ 30. Kd2 exf1=Q 31. Rxf1 Nd5 32. Qe5 R3f5 33. Qe4 Qa5+ 34. Kc1 Qa1+ 35. Kc2 Nb4+ 36. Kd2 Rd8+ 37. Ke3 Qc3+ {[%emt 0:00:04] Kd4 [%emt 00:00:26]} 0-1

[Event "NOR-chT Eliteserien 2018-19"]
[Site "Norway"]
[Date "2019.01.12"]
[Round "5"]
[White "Flermoen, Peter"]
[Black "Hole, Oystein"]
[Result "1-0"]
[ECO "B19"]
[WhiteElo "2314"]
[BlackElo "2299"]
[Annotator "NA"]
[PlyCount "81"]
[EventDate "2018.11.02"]
[EventType "team-tourn"]
[EventCountry "NOR"]
[SourceTitle "playchess.com"]
[Source "ChessBase"]
[SourceQuality "1"]
[TimeControl "40/5400+30:1800+30"]

1. e4 c6 2. d4 d5 3. Nc3 dxe4 4. Nxe4 Bf5 5. Ng3 Bg6 6. Nf3 Nd7 7. h4 h6 8. h5 Bh7 9. Bd3 Bxd3 10. Qxd3 Qc7 11. Bd2 e6 12. O-O-O Ngf6 13. Ne4 Nxe4 14. Qxe4 Nf6 15. Qe2 O-O-O 16. g3 Bd6 17. c4 c5 18. Bc3 cxd4 19. Nxd4 a6 20. f4 Bc5 21. Kb1 Rd6 22. Nb3 Rxd1+ 23. Rxd1 Rd8 24. Be5 Qc6 25. Nxc5 Qxc5 26. b3 Rxd1+ 27. Qxd1 Nd7 28. Bd6 Qf5+ 29. Kb2 Nf6 30. Qd4 Qe4 31. Qa7 Ne8 32. Qb8+ Kd7 33. Bb4 Qc6 34. g4 f6 35. Ba5 Qc8 36. Qxc8+ Kxc8 37. Bb4 Kd7 38. Bf8 f5 39. g5 hxg5 40. fxg5 e5 41. Bxg7 1-0

[Event "NOR-chT Eliteserien 2018-19"]
[Site "Norway"]
[Date "2019.01.12"]
[Round "5"]
[White "Hobber, Anders"]
[Black "Mikalsen, Erlend"]
[Result "1/2-1/2"]
[ECO "A47"]
[WhiteElo "2310"]
[BlackElo "2357"]
[Annotator "NA"]
[PlyCount "56"]
[EventDate "2018.11.02"]
[EventType "team-tourn"]
[EventCountry "NOR"]
[SourceTitle "playchess.com"]
[Source "ChessBase"]
[SourceQuality "1"]
[TimeControl "40/5400+30:1800+30"]

1. d4 Nf6 2. Nf3 b6 3. e3 Bb7 4. Bd3 g6 5. O-O Bg7 6. c4 O-O 7. Nc3 d5 8. cxd5 Nxd5 9. Nxd5 Qxd5 10. e4 Qd6 11. Be3 Nd7 12. Qc2 c5 13. dxc5 Nxc5 14. Bxc5 bxc5 15. Rfe1 Bc8 16. e5 Qb6 17. h3 Be6 18. b3 Bd5 19. Be4 e6 20. Rad1 Rad8 21. h4 Qb4 22. Bxd5 exd5 23. h5 Rfe8 24. hxg6 fxg6 25. Re3 Re7 26. Rc3 Rc7 27. Rc4 Qb6 28. Rc3 Rcc8 1/2-1/2

[Event "NOR-chT Eliteserien 2018-19"]
[Site "Norway"]
[Date "2019.01.12"]
[Round "5"]
[White "Bern, Ivar"]
[Black "Djurhuus, Rune"]
[Result "0-1"]
[ECO "E94"]
[WhiteElo "2302"]
[BlackElo "2457"]
[Annotator "ChessBase"]
[PlyCount "62"]
[EventDate "2018.11.02"]
[EventType "team-tourn"]
[EventCountry "NOR"]
[SourceTitle "playchess.com"]
[Source "ChessBase"]
[SourceQuality "1"]
[TimeControl "40/5400+30:1800+30"]

1. c4 g6 2. d4 Nf6 3. Nc3 Bg7 4. e4 O-O 5. Nf3 d6 6. Be2 Na6 7. O-O e5 8. Be3 Qe8 9. dxe5 dxe5 10. Nd2 b6 11. a3 c6 12. b4 Nc7 13. a4 Ne6 14. a5 Rb8 15. axb6 axb6 16. Ra7 Nd7 17. Nb3 Qe7 18. c5 bxc5 19. Bxc5 Nexc5 20. Nxc5 Rxb4 21. Nxd7 Rd4 22. Nxf8 Qxa7 23. Qa1 Qxa1 24. Rxa1 Bxf8 25. Ra8 Be6 26. g3 Rd2 27. Ba6 Kg7 28. Bc8 Rd8 29. Bb7 Rd3 30. Na4 Bh3 31. f4 Rd2 0-1

[Event "NOR-chT Eliteserien 2018-19"]
[Site "Norway"]
[Date "2019.01.12"]
[Round "5"]
[White "Skrondal, Inge Sandstad"]
[Black "Klukin, Kirill"]
[Result "1/2-1/2"]
[ECO "B33"]
[WhiteElo "2281"]
[BlackElo "2326"]
[Annotator "NA"]
[PlyCount "172"]
[EventDate "2018.11.02"]
[EventType "team-tourn"]
[EventCountry "NOR"]
[SourceTitle "playchess.com"]
[Source "ChessBase"]
[SourceQuality "1"]
[TimeControl "40/5400+30:1800+30"]

1. e4 c5 2. Nf3 Nc6 3. d4 cxd4 4. Nxd4 e5 5. Nb5 d6 6. N1c3 a6 7. Na3 Be7 8. Be3 Nf6 9. Nc4 Be6 10. Nb6 Rb8 11. Be2 O-O 12. O-O Nd7 13. Ncd5 Bxd5 14. Nxd5 Bg5 15. Qd2 Bxe3 16. Qxe3 Nd4 17. Bd3 Nf6 18. c3 Ne6 19. Bc4 Nxd5 20. Bxd5 Nf4 21. Rad1 Qc7 22. g3 Ng6 23. Rd3 b5 24. Rfd1 Rfd8 25. Kg2 Nf8 26. Bb3 a5 27. Qd2 Rb6 28. a3 Ne6 29. Rd5 g6 30. h4 b4 31. axb4 axb4 32. cxb4 Nd4 33. Rxd4 exd4 34. h5 Qe7 35. Qxd4 Rdb8 36. h6 Qf8 37. Qf6 d5 38. Qf4 Qd6 39. Qxd6 Rxd6 40. Bxd5 Kf8 41. Ra1 g5 42. Ra7 Rf6 43. b3 Rxb4 44. e5 Rf5 45. Ra8+ Ke7 46. Ra7+ Kf8 47. Bc4 Rb6 48. e6 fxe6 49. Rxh7 Rf6 50. Rh8+ Kf7 51. Be2 g4 52. Bxg4 Rb5 53. Be2 Rd5 54. b4 Kg6 55. b5 e5 56. Bf3 Rd4 57. Bc6 Kg5 58. h7 Kh6 59. b6 Rxc6 60. b7 Rb6 61. b8=Q Rxb8 62. Rxb8 Kxh7 63. Re8 Rd5 64. Kf3 Kg6 65. Ke4 Rd2 66. Ke3 Rd5 67. Ke4 Rd2 68. Rf8 Re2+ 69. Kd5 Kg5 70. f3 Re3 71. Ke6 Kg6 72. g4 Kg7 73. Rf5 Kg6 74. Rf8 Kg7 75. Rf6 e4 76. f4 Rg3 77. g5 e3 78. Kf5 e2 79. Re6 Rg2 80. Re3 Kf7 81. Re4 Kg7 82. Re6 Kf7 83. Re4 Kg7 84. Re7+ Kf8 85. Re3 Kf7 86. Ke4 Rf2 1/2-1/2

[Event "NOR-chT Eliteserien 2018-19"]
[Site "Norway"]
[Date "2019.01.12"]
[Round "5"]
[White "Storme, Isak"]
[Black "Getz, Nicolai"]
[Result "0-1"]
[ECO "C54"]
[WhiteElo "2271"]
[BlackElo "2392"]
[Annotator "NA"]
[PlyCount "72"]
[EventDate "2018.11.02"]
[EventType "team-tourn"]
[EventCountry "NOR"]
[SourceTitle "playchess.com"]
[Source "ChessBase"]
[SourceQuality "1"]
[TimeControl "40/5400+30:1800+30"]

1. e4 e5 2. Nf3 Nc6 3. Bc4 Bc5 4. O-O Nf6 5. d3 d6 6. c3 Bb6 7. a4 O-O 8. Bg5 h6 9. Bh4 a6 10. Na3 Be6 11. Bxe6 fxe6 12. Re1 Qe8 13. Nc4 Ba7 14. d4 exd4 15. cxd4 g5 16. Bg3 Nh5 17. d5 Nxg3 18. hxg3 Ne7 19. dxe6 Qg6 20. Ne3 Qxe6 21. Nd5 Nxd5 22. exd5 Qf5 23. Re6 Rf6 24. g4 Qf4 25. Qb3 Raf8 26. Rxf6 Rxf6 27. Qxb7 Bc5 28. Qc8+ Rf8 29. Qe6+ Kg7 30. Re1 Qxa4 31. Qe7+ Rf7 32. Qd8 Qc2 33. Re8 Bxf2+ 34. Kf1 Bd4 35. Re2 Rxf3+ 36. gxf3 Qd1+ 0-1

[Event "NOR-chT Eliteserien 2018-19"]
[Site "Norway"]
[Date "2019.01.12"]
[Round "5"]
[White "Aulin-Jansson, Joran"]
[Black "Lundeby, Oyvind Andersen"]
[Result "1-0"]
[ECO "B11"]
[WhiteElo "2258"]
[BlackElo "2152"]
[Annotator "NA"]
[PlyCount "65"]
[EventDate "2018.11.02"]
[EventType "team-tourn"]
[EventCountry "NOR"]
[SourceTitle "playchess.com"]
[Source "ChessBase"]
[SourceQuality "1"]
[TimeControl "40/5400+30:1800+30"]

1. e4 d5 2. Nc3 c6 3. Nf3 Bg4 4. h3 Bxf3 5. Qxf3 e6 6. d3 Nf6 7. g4 Bb4 8. Bd2 d4 9. Nb1 Qb6 10. Be2 Bxd2+ 11. Nxd2 Qa5 12. a3 O-O 13. g5 Qxg5 14. O-O-O e5 15. Rdg1 Qf4 16. Qg2 g6 17. h4 h5 18. Rh3 Nbd7 19. Kd1 Kh8 20. Nc4 Ne8 21. Rg3 b5 22. Na5 Ng7 23. Nxc6 Qxh4 24. Rh1 Qf6 25. Nb4 Nb6 26. Rg5 Rfe8 27. Bxh5 Nxh5 28. Rgxh5+ Kg7 29. Rh7+ Kf8 30. R1h3 Ke7 31. Rf3 Qe6 32. Qg5+ Kd6 33. Rf6 {[%emt 0:00:23] Kd5 [%emt 00:00:13]} 1-0

[Event "NOR-chT Eliteserien 2018-19"]
[Site "Norway"]
[Date "2019.01.12"]
[Round "5"]
[White "Nordquelle, Daniel"]
[Black "Frisvold, Ole Emil"]
[Result "1-0"]
[ECO "B23"]
[WhiteElo "2235"]
[BlackElo "2131"]
[Annotator "NA"]
[PlyCount "77"]
[EventDate "2018.11.02"]
[EventType "team-tourn"]
[EventCountry "NOR"]
[SourceTitle "playchess.com"]
[Source "ChessBase"]
[SourceQuality "1"]
[TimeControl "40/5400+30:1800+30"]

1. e4 c5 2. Nc3 Nc6 3. Bb5 Nd4 4. Bc4 e6 5. Nge2 Nf6 6. d3 a6 7. Nxd4 cxd4 8. Ne2 Bc5 9. Bb3 d6 10. O-O b5 11. Bg5 Qc7 12. Ng3 Ng8 13. Nh5 f6 14. Bd2 Qf7 15. Qg4 Qg6 16. Qh4 Qf7 17. Qh3 Ra7 18. f4 g6 19. Ng3 f5 20. exf5 gxf5 21. Rae1 Re7 22. Re2 Qg6 23. Rfe1 d5 24. a3 Nf6 25. Bb4 Bxb4 26. axb4 Ng4 27. Bxd5 Ne3 28. Bf3 Qg7 29. Nf1 Nxf1 30. Kxf1 O-O 31. Bd5 Rfe8 32. Qxf5 Kh8 33. Qh5 Rf8 34. g3 Rf5 35. Qxf5 exf5 36. Rxe7 Qh6 37. Re8+ Kg7 38. R1e7+ Kg6 39. Rg8+ 1-0

[Event "NOR-chT Eliteserien 2018-19"]
[Site "Norway"]
[Date "2019.01.12"]
[Round "5"]
[White "Nielsen, Andre"]
[Black "Andersen, Alf Roger"]
[Result "0-1"]
[ECO "B15"]
[WhiteElo "2211"]
[BlackElo "2251"]
[Annotator "NA"]
[PlyCount "52"]
[EventDate "2018.11.02"]
[EventType "team-tourn"]
[EventCountry "NOR"]
[SourceTitle "playchess.com"]
[Source "ChessBase"]
[SourceQuality "1"]
[TimeControl "40/5400+30:1800+30"]

1. e4 c6 2. d4 d5 3. Nc3 dxe4 4. Nxe4 Nf6 5. Nxf6+ exf6 6. Bc4 Bd6 7. Qe2+ Be7 8. Nf3 O-O 9. O-O Bd6 10. Re1 Na6 11. Nh4 Nc7 12. Qh5 Be6 13. Bd3 g6 14. Qf3 f5 15. g3 Be7 16. Bf4 Bd5 17. Qe3 Bxh4 18. gxh4 Re8 19. Qg3 Ne6 20. c4 Be4 21. Bxe4 fxe4 22. Rxe4 Nxd4 23. Rxe8+ Qxe8 24. Qe3 Qd7 25. Rf1 Re8 26. Qa3 Ne2+ 0-1